 Dungeon Sprint DCSS version 0.30-a0-1043-g60ff8d5f49 (webtiles) character file.

Game seed: 11662382790991952472

4400000 Danienth the Axe Maniac (level 23, -86/240 HPs)
             Began as a Pale Draconian Gladiator on Apr 9, 2023.
             Was the Champion of Makhleb.
             Annihilated by a sculptor of flesh
             ... wielding a +9 great sword
              (155 damage)
             ... in the Dungeon (Sprint VIII: "Arena of Blood").
             The game lasted 00:06:05 (44 turns).

Danienth the Axe Maniac (Pale Draconian Gladiator)    Turns: 44, Time: 00:06:07

Health: -86/240    AC: 11    Str: 20    XL:     23   Next: 20%
Magic:  20/42      EV: 29    Int: 12    God:    Makhleb [******]
Gold:   0          SH:  0    Dex: 17    Spells: 53/53 levels left

rFire   . . .      SeeInvis .    k - +∞ Axe of Woe
rCold   . . .      Faith    .    (shield currently unavailable)
rNeg    . . .      Spirit   .    (body armour unavailable)
rPois   .          Reflect  .    b - +0 hat
rElec   .          Rampage  .    (no cloak)
rCorr   .          NoTele   +    (no gloves)
Will    +....                    (no boots)
Stlth   ++++++                   (no amulet)
HPRegen 0.60/turn                (no ring)
MPRegen 0.28/turn                (no ring)

@: hasted, very quick
A: breathe steam, AC +11, unfitting armour, cold-blooded, steam resistance
a: Breathe Steam, Renounce Religion, Minor Destruction, Lesser Servant of
Makhleb, Major Destruction, Greater Servant of Makhleb


You were in the Dungeon.
You worshipped Makhleb.
Makhleb was exalted by your worship.
You visited 1 branch

Inventory:

Hand Weapons
 a - a +0 war axe
 k - the +∞ Axe of Woe (weapon)
   (You found it in the Dungeon)
Missiles
 c - 3 throwing nets (quivered)
 d - a javelin
Armour
 b - a +0 hat (worn)
Jewellery
 l - a +30 ring of slaying
Scrolls
 j - a scroll of blinking
Potions
 e - a potion of curing
 h - 2 potions of magic
 i - a potion of berserk rage


   Skills:
 O Level 27 Fighting
 + Level 17.0(19.3) Short Blades
 + Level 15.3(18.4) Long Blades
 O Level 27 Axes
 O Level 27 Maces & Flails
 O Level 27 Polearms
 + Level 15.3(27) Staves
 + Level 14.1 Ranged Weapons
 O Level 27 Throwing
 O Level 27 Dodging
 + Level 15.3 Stealth
 + Level 15.3 Shields
 + Level 17.0 Unarmed Combat
 + Level 15.7 Spellcasting
 + Level 17.0 Conjurations
 + Level 15.7 Hexes
 + Level 17.0 Summonings
 + Level 17.0 Necromancy
 + Level 17.0 Translocations
 + Level 17.0 Transmutations
 + Level 18.4 Fire Magic
 + Level 17.0 Ice Magic
 + Level 18.4 Air Magic
 + Level 17.0 Earth Magic
 + Level 17.0 Poison Magic
 + Level 18.4 Invocations
 + Level 18.4 Evocations


You had 53 spell levels left.
You didn't know any spells.
Your spell library was empty.

Dungeon Overview and Level Annotations

Branches:
Dungeon (1/1)

Altars:
Makhleb

Annotations:
D The Servant


Innate Abilities, Weirdness & Mutations

You can breathe blasts of scalding, opaque steam.
Your pale cyan-grey scales are hard. (AC +11)
You cannot fit into any form of body armour.
You are cold-blooded and may be slowed by cold attacks.
You are immune to the effects of steam.


Message History

Makhleb accepts your kill.
You feel better.
You slice the meat berserker!!
You fatally mangle the meat berserker.
You kill the meat berserker!
Makhleb accepts your kill.
You feel better.
You are engulfed in blazing flames.
You hear a shout! x3
Your base Short Blades skill increases to level 17!
Your base Long Blades skill increases to level 15!
Your base Staves skill increases to level 15!
Your Ranged Weapons skill increases to level 14!
Your Stealth skill increases to level 15!
Your Shields skill increases to level 15!
Your Unarmed Combat skill increases to level 17!
Your Conjurations skill increases to level 17!
Your Summonings skill increases to level 17!
Your Necromancy skill increases to level 17!
Your Translocations skill increases to level 17!
Your Transmutations skill increases to level 17!
Your Fire Magic skill increases to level 18!
Your Ice Magic skill increases to level 17!
Your Air Magic skill increases to level 18!
Your Earth Magic skill increases to level 17!
Your Poison Magic skill increases to level 17!
Your Invocations skill increases to level 18!
Your Evocations skill increases to level 18!
You have reached level 23!
You are engulfed in blazing flames.
You hear a shout! x3
The bag of meat is engulfed in blazing flames.
The bag of meat completely misses you.
You hear a shout! x2
The Servant is engulfed in blazing flames.
The Servant hits you with a +9 glaive of flaming!!!!
The Servant burns you!
* * * LOW HITPOINT WARNING * * *
A bag of meat comes into view. It is wielding a +9 war axe.
The sculptor of flesh hits you with a +9 great sword!!!!!
Ouch! That really hurt!
You die...

......#.#......
o................#
..................
#.................
...............
.........zoo.
#....@☼o# ..
#.).o°@z#
...###.)°)§§§###.
.......)###)......
#.......)_........
......#..O..#......
......#_)<._#......
..... #.)...#......
#........_.........
........###.......


You could see The Servant, 2 sculptors of flesh and 4 bags of meat.

Vanquished Creatures
  5 vampire knights (D)
  16 ogres (D)
  6 two-headed ogres (D)
  34 orcs (D)
61 creatures vanquished.

Notes
Turn   | Place    | Note
-------+----------+-------------------------------------------
     0 | D        | Found the +∞ Axe of Woe
     0 | D        | Danienth the Draconian Gladiator began the quest for the
                  | Orb.
     0 | D        | Reached XP level 1. HP: 17/17 MP: 1/1
     2 | D        | Noticed a bag of meat
     4 | D        | Became a worshipper of Makhleb the Destroyer
     4 | D        | Noticed a bag of meat
     5 | D        | Killed a bag of meat
     6 | D        | Reached skill level 15 in Dodging
     6 | D        | Reached XP level 2. HP: 37/37 MP: 2/2
     6 | D        | Reached XP level 3. HP: 44/44 MP: 3/3
     6 | D        | Reached XP level 4. HP: 50/50 MP: 4/4
     6 | D        | Reached XP level 5. HP: 57/57 MP: 5/5
     6 | D        | Reached XP level 6. HP: 64/64 MP: 6/6
     6 | D        | Your scales start taking on a pale cyan-grey colour.
     6 | D        | Reached XP level 7. HP: 70/70 MP: 7/7
     6 | D        | Gained mutation: You are immune to the effects of steam.
                  | [Pale Draconian growth]
     6 | D        | Reached XP level 8. HP: 78/78 MP: 8/8
     6 | D        | Reached XP level 9. HP: 84/84 MP: 9/9
     6 | D        | Reached XP level 10. HP: 91/91 MP: 10/10
     6 | D        | Noticed a meat berserker
     7 | D        | Killed a bag of meat
     7 | D        | Reached * piety under Makhleb
     8 | D        | Reached skill level 10 in Fighting
     8 | D        | Reached XP level 11. HP: 101/101 MP: 11/11
     8 | D        | Noticed a meat berserker
     9 | D        | Noticed a bag of meat
    10 | D        | Noticed a bag of meat
    10 | D        | Noticed a meat berserker
    11 | D        | Noticed a meat berserker
    11 | D        | Noticed a meat berserker
    12 | D        | Killed a meat berserker
    13 | D        | Reached skill level 10 in Throwing
    13 | D        | Reached XP level 12. HP: 34/113 MP: 12/12
    13 | D        | Reached XP level 13. HP: 36/119 MP: 13/13
    13 | D        | Noticed a meat berserker
    13 | D        | Noticed a bag of meat
    13 | D        | Noticed a bag of meat
    13 | D        | Noticed a bag of meat
    13 | D        | Noticed a bag of meat
    14 | D        | Noticed a bag of meat
    14 | D        | Noticed a bag of meat
    14 | D        | Noticed a bag of meat
    15 | D        | Noticed a meat berserker
    15 | D        | Killed a meat berserker
    15 | D        | Noticed a bag of meat
    15 | D        | Noticed a bag of meat
    16 | D        | Noticed a bag of meat
    16 | D        | Killed a meat berserker
    16 | D        | Reached ** piety under Makhleb
    16 | D        | Killed a meat berserker
    16 | D        | Noticed a meat berserker
    17 | D        | Reached skill level 15 in Fighting
    17 | D        | Reached skill level 27 in Axes
    17 | D        | Reached XP level 14. HP: 136/136 MP: 14/14
    17 | D        | Killed a meat berserker
    17 | D        | Noticed a meat berserker
    17 | D        | Noticed a bag of meat
    18 | D        | Reached XP level 15. HP: 147/147 MP: 15/15
    18 | D        | Killed a meat berserker
    18 | D        | Reached *** piety under Makhleb
    19 | D        | Reached skill level 27 in Dodging
    20 | D        | Noticed a meat berserker
    20 | D        | Noticed a meat berserker
    22 | D        | Reached XP level 16. HP: 170/170 MP: 16/16
    22 | D        | Reached **** piety under Makhleb
    22 | D        | Noticed a meat berserker
    23 | D        | Noticed a large bag of meat
    23 | D        | Noticed a large bag of meat
    24 | D        | Killed a meat berserker
    24 | D        | Reached ***** piety under Makhleb
    24 | D        | Noticed a large bag of meat
    24 | D        | Noticed a meat berserker
    24 | D        | Noticed a meat berserker
    25 | D        | Reached skill level 27 in Fighting
    25 | D        | Reached skill level 27 in Throwing
    25 | D        | Reached XP level 17. HP: 191/191 MP: 17/17
    25 | D        | Noticed a large bag of meat
    26 | D        | Killed a meat berserker
    26 | D        | Killed a meat berserker
    26 | D        | Killed a meat berserker
    26 | D        | Noticed a large bag of meat
    27 | D        | Reached XP level 18. HP: 167/200 MP: 18/18
    27 | D        | Noticed a large bag of meat
    28 | D        | Killed a meat berserker
    28 | D        | Reached ****** piety under Makhleb
    28 | D        | Killed a large bag of meat
    28 | D        | Killed a meat berserker
    28 | D        | Noticed a meat berserker
    29 | D        | Reached skill level 27 in Maces & Flails
    29 | D        | Reached skill level 27 in Polearms
    29 | D        | Reached skill level 1 in Necromancy
    29 | D        | Reached skill level 1 in Fire Magic
    29 | D        | Reached skill level 1 in Air Magic
    29 | D        | Reached skill level 1 in Invocations
    29 | D        | Reached skill level 1 in Evocations
    30 | D        | Reached skill level 5 in Fire Magic
    30 | D        | Reached skill level 5 in Air Magic
    30 | D        | Reached skill level 5 in Invocations
    30 | D        | Reached skill level 5 in Evocations
    30 | D        | Reached XP level 19. HP: 203/207 MP: 18/25
    30 | D        | Noticed a destroyer
    30 | D        | Killed a meat berserker
    30 | D        | Killed a large bag of meat
    31 | D        | Reached skill level 5 in Ranged Weapons
    32 | D        | Killed a large bag of meat
    32 | D        | Killed a meat berserker
    32 | D        | Killed a large bag of meat
    32 | D        | Killed a destroyer
    33 | D        | Reached skill level 10 in Short Blades
    33 | D        | Reached skill level 10 in Unarmed Combat
    33 | D        | Reached skill level 10 in Conjurations
    33 | D        | Reached skill level 10 in Summonings
    33 | D        | Reached skill level 10 in Necromancy
    33 | D        | Reached skill level 10 in Translocations
    33 | D        | Reached skill level 10 in Transmutations
    33 | D        | Reached skill level 10 in Ice Magic
    33 | D        | Reached skill level 10 in Earth Magic
    33 | D        | Reached skill level 10 in Poison Magic
    33 | D        | Reached XP level 20. HP: 184/216 MP: 18/33
    33 | D        | Noticed The Servant
    34 | D        | Reached skill level 10 in Spellcasting
    34 | D        | Reached skill level 10 in Hexes
    34 | D        | Noticed a destroyer
    34 | D        | Killed a large bag of meat
    34 | D        | Noticed a destroyer
    34 | D        | Noticed a destroyer
    35 | D        | Reached skill level 10 in Long Blades
    35 | D        | Reached skill level 10 in Staves
    35 | D        | Reached skill level 10 in Stealth
    35 | D        | Reached skill level 10 in Shields
    35 | D        | Reached XP level 21. HP: 166/224 MP: 18/35
    35 | D        | Killed a destroyer
    36 | D        | Reached skill level 10 in Ranged Weapons
    38 | D        | Killed a destroyer
    38 | D        | Killed a large bag of meat
    39 | D        | Reached skill level 15 in Fire Magic
    39 | D        | Reached skill level 15 in Air Magic
    39 | D        | Reached skill level 15 in Invocations
    39 | D        | Reached skill level 15 in Evocations
    39 | D        | Reached XP level 22. HP: 170/233 MP: 19/39
    40 | D        | Reached skill level 15 in Short Blades
    40 | D        | Reached skill level 15 in Unarmed Combat
    40 | D        | Reached skill level 15 in Conjurations
    40 | D        | Reached skill level 15 in Summonings
    40 | D        | Reached skill level 15 in Necromancy
    40 | D        | Reached skill level 15 in Translocations
    40 | D        | Reached skill level 15 in Transmutations
    40 | D        | Reached skill level 15 in Ice Magic
    40 | D        | Reached skill level 15 in Earth Magic
    40 | D        | Reached skill level 15 in Poison Magic
    40 | D        | Noticed a destroyer
    41 | D        | Killed a destroyer
    41 | D        | Killed a destroyer
    42 | D        | Reached skill level 15 in Spellcasting
    42 | D        | Reached skill level 15 in Hexes
    44 | D        | Reached skill level 15 in Long Blades
    44 | D        | Reached skill level 15 in Staves
    44 | D        | Reached skill level 15 in Stealth
    44 | D        | Reached skill level 15 in Shields
    44 | D        | Reached XP level 23. HP: 179/240 MP: 20/42
    44 | D        | Annihilated by a sculptor of flesh

Illustrated notes

Levels and vault maps discovered:
D:        meatsprint

Skill      XL: |  1  2  3  4  5  6  7  8  9 10 11 12 13 14 15 16 17 18 19 20 21 22 |
---------------+-------------------------------------------------------------------+-----
Fighting       | 9 10 12 15 17 22 27 | 27.0
Axes           | 16 19 22 27 | 27.0
Throwing       | 7 9 10 13 14 18 27 | 27.0
Dodging        | 15 17 20 24 26 27 | 27.0
Maces & Flails | 19 27 | 27.0
Polearms       | 19 27 | 27.0
Necromancy     | 4 10 11 14 17 | 17.0
Fire Magic     | 5 11 12 15 18 | 18.4
Air Magic      | 5 11 12 15 18 | 18.4
Invocations    | 5 11 12 15 18 | 18.4
Evocations     | 5 11 12 15 18 | 18.4
Short Blades   | 4 10 11 14 17 | 17.0
Long Blades    | 4 9 10 13 15 | 15.3
Staves         | 4 9 10 13 15 | 15.3
Ranged Weapons | 3 8 9 12 14 | 14.1
Stealth        | 4 9 10 13 15 | 15.3
Shields        | 4 9 10 13 15 | 15.3
Unarmed Combat | 4 10 11 14 17 | 17.0
Spellcasting   | 4 9 10 13 15 | 15.7
Conjurations   | 4 10 11 14 17 | 17.0
Hexes          | 4 9 10 13 15 | 15.7
Summonings     | 4 10 11 14 17 | 17.0
Translocations | 4 10 11 14 17 | 17.0
Transmutations | 4 10 11 14 17 | 17.0
Ice Magic      | 4 10 11 14 17 | 17.0
Earth Magic    | 4 10 11 14 17 | 17.0
Poison Magic   | 4 10 11 14 17 | 17.0

Action                     |  1- 3 |  4- 6 |  7- 9 | 10-12 | 13-15 | 16-18 | 19-21 | 22-24 || total
---------------------------+-------+-------+-------+-------+-------+-------+-------+-------++-------
  Melee: Executioner's axe |     1 |       |       |     2 |     5 |     7 |     8 |     4 ||    27
    Use: Potion            |       |       |       |       |     1 |       |       |     1 ||     2
 Armour: Skin              |       |       |       |       |       |       |     1 |       ||     1
  Dodge: Dodged            |       |       |       |       |       |     1 |       |     1 ||     2

Table legend: (Time is in decaauts)
 A = Elapsed time spent in this place.
 B = Non-inter-level travel time spent in this place.
 C = Inter-level travel time spent in this place.
 D = Time resting spent in this place.
 E = Time spent auto-exploring this place.
 F = Levels seen in this place.
 G = Mean time per level.
                   A        B        C        D        E       F      G
               +--------+--------+--------+--------+--------+-----+--------+
         Total |     36 |     36 |      0 |      0 |      0 |   1 |   36.0 |
       Dungeon |     36 |     36 |      0 |      0 |      0 |   1 |   36.0 |
               +--------+--------+--------+--------+--------+-----+--------+

Top non-repeatable levels by time:
       D: 36 daAuts
